Map: Invader LE

Players

Tkejczu

  • Race: Zerg Zerg
  • League: Platinum

blackxored - Winner!

  • Race: Zerg Zerg
  • League: Diamond

VOD

Have the link to the VOD?

Description

Time

  • Played on: July 1, 2016, 7:41 p.m.
  • Length: 13:38
Show
View Real Time Build Order
Export as new Build Order

Tkejczu Zerg 

Build Orders: Pool First 

Get SALT Encoding   

  12  0:01  Drone  
  13  0:09  Extractor  
  12  0:25  Spawning Pool  
  11  0:31  Drone  
  12  0:37  Drone  
  13  0:44  Drone  
  14  0:55  Overlord  
  14  1:14  Zergling x4  
  14  1:15  Zergling x2  
  17  1:21  Metabolic Boost  
  17  1:27  Zergling x2  
  18  1:34  Baneling Nest  
  18  1:38  Zergling x2  
  19  1:47  Zergling x2  
  19  1:57  Zergling x2  
  20  2:05  Queen  
  22  2:20  Baneling  
  22  2:23  Baneling  
  22  2:24  Overlord  
  18  2:55  Drone x3  
  21  2:58  Queen  
  21  3:04  Spine Crawler  
  22  3:09  Zergling x2  
  23  3:23  Baneling  
  23  3:25  Zergling x2, Baneling  
  24  3:28  Drone x2  
  26  3:35  Drone x2  
  22  4:24  Zergling x6  
  21  4:44  Zergling x8  
  23  4:58  Zergling x2  
  23  5:01  Spine Crawler  
  23  5:04  Queen  
  24  5:14  Zergling x2  
  24  5:17  Baneling  
  24  5:18  Baneling x2  
  25  5:28  Roach Warren  
  25  5:35  Drone, Spine Crawler  
  23  5:36  Drone  
  25  5:45  Overlord  
  25  6:08  Drone  
  25  6:09  Drone  
  25  6:10  Evolution Chamber  
  21  6:11  Hatchery  
  21  6:15  Zergling x6  
  22  6:37  Zerg Missile Weapons Level 1  
  22  6:38  Roach x3  
  28  6:44  Baneling  
  28  6:45  Baneling  
  28  7:03  Roach x3  
  28  7:05  Roach  
  36  7:15  Overlord  
  36  7:34  Roach x3  
  42  7:42  Roach  
  44  7:48  Overlord  
  44  7:53  Lair  
  44  8:07  Drone x2  
  46  8:18  Hatchery  
  45  8:28  Zergling x6  
  39  8:54  Roach x3  
  37  9:00  Roach  
  33  9:03  Baneling  
  33  9:08  Extractor  
  32  9:32  Spine Crawler  
  32  9:33  Queen  
  32  9:35  Spine Crawler  
  32  9:37  Roach x2  
  32  9:38  Roach x2  
  39  9:55  Drone  
  39  9:56  Drone x2  
  42  10:09  Drone  
  42  10:10  Drone  
  44  10:22  Roach x2  
  44  10:23  Roach x2  
  52  10:28  Spore Crawler  
  52  10:32  Spore Crawler, Drone x2  
  52  10:34  Drone x2  
  54  10:48  Spore Crawler  
  54  10:49  Spore Crawler  
  52  10:59  Drone x3  
  55  11:10  Zerg Missile Weapons Level 2  
  55  11:12  Baneling  
  55  11:14  Baneling  
  55  11:28  Hydralisk Den  
  55  11:31  Drone  
  55  11:32  Drone x2  
  57  11:34  Drone  
  58  11:45  Drone  
  58  11:46  Overlord  
  59  12:00  Glial Reconstitution  
  58  12:20  Hydralisk x3  
  64  12:26  Drone x2  
  64  12:28  Drone  
  67  12:38  Hatchery  
  67  12:40  Drone  
  67  12:52  Overlord  
  67  13:03  Overlord  
  67  13:14  Extractor, Drone x2  
  67  13:15  Drone  
  67  13:16  Extractor, Drone x2  
  67  13:17  Drone x3  
Show
View Real Time Build Order
Export as new Build Order

blackxored Zerg - Winner!

Build Orders: Pool First, Zergling Baneling 

Get SALT Encoding   

  12  0:01  Drone  
  13  0:08  Drone  
  14  0:16  Extractor  
  14  0:17  Drone  
  14  0:33  Spawning Pool  
  13  0:38  Drone  
  14  0:44  Extractor, Drone  
  15  0:53  Overlord  
  15  1:13  Drone x3  
  18  1:20  Queen  
  20  1:28  Metabolic Boost  
  20  1:36  Overlord  
  20  1:42  Zergling x2  
  20  1:46  Extractor, Zergling x2  
  22  1:59  Baneling Nest  
  22  2:00  Zergling x2  
  22  2:10  Zergling x2  
  23  2:18  Zergling x2  
  24  2:29  Zergling x2  
  25  2:35  Zergling x6  
  25  2:51  Zergling x2  
  25  2:57  Zergling x2  
  27  3:10  Zergling x2  
  27  3:11  Baneling x2  
  27  3:12  Baneling x5  
  28  3:29  Zergling x2, Hatchery  
  28  3:30  Zergling x2  
  29  3:37  Zergling x2  
  29  3:39  Overlord  
  30  3:55  Zergling x6  
  29  3:57  Baneling x5  
  29  4:07  Zergling x2  
  29  4:08  Zergling x4  
  26  4:23  Zergling x4  
  26  4:31  Queen  
  26  4:34  Zergling x2  
  28  4:38  Baneling x2  
  27  4:46  Zergling x2  
  26  4:59  Zergling x2  
  24  5:07  Queen  
  25  5:20  Baneling x2  
  25  5:22  Zergling x10  
  30  5:28  Zergling x4  
  30  5:34  Drone  
  33  5:37  Drone  
  34  5:49  Zergling x4  
  36  5:54  Drone x2  
  37  6:11  Zergling x8  
  40  6:22  Baneling x2  
  40  6:23  Baneling  
  40  6:29  Baneling x2  
  39  6:42  Drone x3  
  39  6:43  Roach Warren  
  39  6:44  Drone  
  42  6:53  Drone  
  43  6:55  Overlord  
  43  7:03  Lair  
  43  7:16  Drone x4  
  43  7:21  Drone x2  
  49  7:28  Spine Crawler  
  48  7:33  Spine Crawler  
  47  7:39  Spine Crawler  
  46  7:48  Drone x5  
  51  8:02  Overlord x2  
  51  8:11  Overseer  
  50  8:23  Roach  
  50  8:24  Roach x5  
  62  8:36  Roach  
  53  8:50  Roach  
  52  9:00  Drone x2  
  52  9:01  Extractor, Drone  
  52  9:09  Roach  
  53  9:23  Extractor, Drone x4  
  53  9:24  Drone x3  
  59  9:25  Extractor  
  59  9:28  Drone  
  59  9:29  Drone  
  60  9:37  Roach x4  
  68  9:50  Overlord x3  
  66  10:02  Drone  
  66  10:03  Evolution Chamber  
  66  10:05  Queen  
  68  10:08  Roach  
  68  10:09  Roach  
  68  10:10  Roach x4  
  68  10:13  Hatchery  
  79  10:22  Roach x4  
  87  10:31  Roach x2  
  87  10:34  Glial Reconstitution  
  91  10:39  Zerg Missile Weapons Level 1  
  91  10:42  Overseer  
  91  10:50  Overlord  
  91  10:52  Overlord  
  91  11:14  Roach x6  
  91  11:15  Roach  
  105  11:23  Roach  
  105  11:25  Overlord  
  107  11:28  Overlord  
  107  11:41  Roach x2  
  107  11:42  Roach  
  107  11:46  Overseer  
  113  11:58  Roach x2  
  113  11:59  Roach x2  
  121  12:04  Drone  
  122  12:17  Overlord  
  122  12:29  Overlord x2  
  122  12:47  Ravager x4  
  122  12:48  Ravager x6  
  122  12:49  Ravager x2  
  134  12:54  Drone  
  134  12:55  Drone x2  
  134  12:57  Drone x3  
  134  12:58  Extractor, Drone x3  
  143  13:00  Extractor, Hatchery  
  143  13:02  Drone x2  
  143  13:03  Drone  
Tags
 
Add a new tag
Caveats
  • Supply blocks, unpowered buildings, or Contaminate may cause inaccurate times.
  • Supply counts are checked every 10 seconds.